Map: Lerilak Crest

Players

Mentor

  • Race: Terran Terran
  • League: Gold

LilDicky - Winner!

  • Race: Terran Terran
  • League: Diamond

VOD

http://www.twitch.tv/tumescentpie

Description

Time

  • Played on: Jan. 2, 2016, 4:41 p.m.
  • Length: 10:15
Show
View Real Time Build Order
Export as new Build Order

Mentor Terran 

Build Orders: 1/1/1, Banshee Rush 

Get SALT Encoding   

  12  0:01  SCV  
  13  0:13  SCV  
  14  0:17  Supply Depot  
  14  0:25  SCV  
  15  0:29  Refinery  
  15  0:39  SCV  
  16  0:46  Barracks  
  16  0:51  SCV  
  17  1:03  SCV  
  18  1:18  SCV  
  18  1:22  Refinery  
  19  1:33  Orbital Command  
  19  1:34  Factory  
  19  1:37  Marine  
  20  1:49  Supply Depot  
  20  1:55  Reaper  
  20  1:59  SCV  
  22  2:14  SCV  
  23  2:19  Starport  
  23  2:20  Factory Tech Lab  
  23  2:26  SCV  
  23  2:29  Supply Depot  
  24  2:35  Barracks Reactor  
  24  2:40  SCV  
  25  2:53  SCV  
  25  2:55  Hellion  
  28  3:03  Banshee, Cloaking Field  
  31  3:13  Engineering Bay, Marine x2  
  33  3:21  SCV  
  33  3:25  Supply Depot  
  34  3:31  Marine  
  34  3:33  Widow Mine  
  36  3:42  SCV  
  37  3:49  Banshee  
  37  3:51  Marine x2  
  37  3:54  SCV  
  43  4:08  Factory Tech Lab  
  43  4:12  Marine x2  
  43  4:14  Supply Depot  
  44  4:24  SCV  
  44  4:35  Command Center  
  44  4:37  Siege Tank  
  44  4:38  Marine  
  43  5:06  Barracks  
  43  5:07  Barracks, Marine x2  
  45  5:15  Viking  
  47  5:25  Marine  
  48  5:41  Supply Depot x2  
  48  5:47  Siege Tank  
  49  5:52  Orbital Command  
  49  5:54  Barracks Reactor  
  49  5:56  Barracks Tech Lab  
  42  6:16  Banshee  
  43  6:19  Siege Tank  
  41  6:34  Marine x2  
  41  6:37  Marine  
  42  6:51  Marine  
  39  7:00  Siege Tank  
  42  7:06  SCV  
  42  7:07  Banshee  
  45  7:13  Supply Depot  
  45  7:14  Supply Depot  
  45  7:18  SCV  
  46  7:23  SCV  
  46  7:27  Marine x2  
  46  7:28  Marine x2  
  51  7:45  Marine x2  
  51  7:47  Marine x2  
  55  8:03  Marine  
  55  8:05  Marine x2  
  57  8:07  Marine  
  58  8:14  Missile Turret x2  
  58  8:16  Missile Turret  
  49  8:20  Factory Tech Lab  
  49  8:23  Marine x2  
  49  8:25  Marine  
  52  8:32  SCV x2  
  50  8:41  Marine  
  44  8:45  Marine x2  
  45  8:58  Marine  
  46  9:03  Marine x2  
  48  9:16  Marine  
  49  9:20  Marine  
  49  9:21  Marine  
  41  9:34  Marine  
  37  9:38  Marine x2  
Show
View Real Time Build Order
Export as new Build Order

LilDicky Terran - Winner!

Build Orders: Liberator Opening 

Get SALT Encoding   

  12  0:02  SCV  
  13  0:14  SCV  
  13  0:18  Supply Depot  
  14  0:26  SCV  
  15  0:39  SCV  
  16  0:43  Refinery  
  16  0:46  Barracks  
  16  0:51  SCV  
  17  1:03  SCV  
  18  1:15  SCV  
  19  1:28  SCV  
  20  1:32  Marine  
  20  1:34  Supply Depot  
  21  1:41  Orbital Command  
  21  1:42  Refinery  
  21  1:47  Factory  
  21  1:50  Marine  
  22  2:08  SCV  
  23  2:16  Marine  
  23  2:21  SCV  
  25  2:28  Supply Depot  
  25  2:33  SCV  
  25  2:34  Factory Tech Lab, Starport  
  26  2:37  Marine  
  26  2:45  SCV  
  27  2:55  Liberator  
  27  2:56  Siege Tank  
  27  2:57  SCV  
  27  2:58  Marine  
  32  3:07  Supply Depot  
  32  3:09  SCV  
  36  3:15  Marine  
  37  3:21  SCV  
  38  3:33  SCV, Siege Tank  
  42  3:51  SCV  
  42  3:54  Supply Depot  
  42  3:55  Engineering Bay  
  43  4:03  SCV  
  43  4:05  Siege Tank  
  47  4:15  SCV  
  48  4:20  Viking  
  48  4:23  Supply Depot  
  49  4:33  Missile Turret  
  46  4:40  SCV  
  38  4:56  Siege Tank  
  37  5:08  SCV  
  37  5:11  Viking  
  39  5:20  SCV  
  37  5:32  SCV  
  36  5:36  Missile Turret x2  
  36  5:38  Missile Turret  
  29  5:57  SCV  
  30  6:04  Starport  
  30  6:12  Command Center  
  29  6:40  SCV  
  29  6:41  Viking  
  32  6:52  SCV  
  33  7:04  SCV, Liberator  
  37  7:24  Orbital Command  
  37  7:38  SCV  
  38  7:44  Viking  
  38  7:49  Siege Tank  
  38  7:50  SCV  
  44  7:52  SCV  
  45  8:02  SCV  
  46  8:08  SCV  
  47  8:16  Missile Turret  
  46  8:40  Factory Tech Lab  
  43  8:42  Liberator  
  41  8:50  SCV x2  
  43  9:00  Viking  
  43  9:01  Siege Tank  
  43  9:02  SCV, Marine  
  52  9:03  SCV  
  54  9:10  Missile Turret  
  54  9:15  SCV  
  55  9:18  SCV  
  55  9:20  Missile Turret, Marine  
  35  9:50  SCV x2  
  37  9:59  Missile Turret  
  36  10:02  SCV x2  
  36  10:13  Missile Turret  
Tags
 
Add a new tag
Caveats
  • Supply blocks, unpowered buildings, or Contaminate may cause inaccurate times.
  • Supply counts are checked every 10 seconds.